 Dungeon Crawl Stone Soup version 0.29-a0-322-g68df515428 (webtiles) character file.

Game seed: 4441232032295626318

2555 kae the Firebug (level 9, -6/52 HPs)
             Began as a Tengu Fire Elementalist on Apr 8, 2022.
             Mangled by an orc knight
             ... wielding a +0 halberd
              (18 damage)
             ... in a bailey.
             The game lasted 00:06:36 (8557 turns).

kae the Firebug (Tengu Fire Elementalist)           Turns: 8557, Time: 00:06:36

Health: -6/52      AC:  9    Str:  8    XL:     9   Next: 56%
Magic:  4/16       EV: 14    Int: 21    God:
Gold:   353        SH:  0    Dex: 14    Spells: 3/16 levels left

rFire   . . .      SeeInvis .   o - staff of conjuration
rCold   + . .      Faith    .   (no shield)
rNeg    + . .      Spirit   .   w - +3 ring mail of Activism {rElec rC+ rN+}
rPois   +          Reflect  .   (helmet restricted)
rElec   +          Harm     .   (no cloak)
rCorr   .          Rampage  .   (no gloves)
Will    .....                   (boots unavailable)
Stlth   +.........              (no amulet)
HPRegen 0.17/turn               d - ring of poison resistance
MPRegen 0.15/turn               (no ring)

@: flying quickly and evasively, quick
A: beak, talons 3, nimble flight
a: no special abilities


You were in a bailey.
You visited 2 branches of the dungeon, and saw 8 of its levels.
You also visited: Sewer and Bailey.

You collected 353 gold pieces.

Inventory:

Hand Weapons
 g - a +1 mace
 n - the +8 rapier of Atouz {freeze, rC++ rN+ Int+3 Stlth-}
   (You found it in a sewer)

   It freezes those it strikes, dealing additional cold damage.
   It can also slow down cold-blooded creatures.
   Int:       It affects your intelligence (+3).
   rC:        It greatly protects you from cold.
   rN:        It protects you from negative energy.
   Stlth:     It makes you less stealthy.
 v - the +7 long sword of the Bouncing Prophets {pain, rC+}
   (You found it on level 4 of the Dungeon)

   In the hands of one skilled in necromantic magic, it inflicts extra damage on
   living creatures.
   rC:        It protects you from cold.
Armour
 a - a +0 robe
 w - the +3 ring mail of Activism (worn) {rElec rC+ rN+}
   (You found it on level 5 of the Dungeon)

   rC:        It protects you from cold.
   rElec:     It insulates you from electricity.
   rN:        It protects you from negative energy.
Magical Staves
 o - a staff of conjuration (weapon)
Jewellery
 d - a ring of poison resistance (left hand)
Wands
 u - a wand of mindburst (20)
 x - a wand of iceblast (10)
Scrolls
 b - a scroll of enchant weapon
 p - 3 scrolls of teleportation
 q - a scroll of fear
 r - a scroll of amnesia
 t - 2 scrolls of blinking
Potions
 c - a potion of resistance
 e - 3 potions of brilliance
 f - 4 potions of curing
 h - a potion of cancellation
 j - 2 potions of lignification
 k - 3 potions of attraction
 l - a potion of might
 m - a potion of ambrosia
 s - 2 potions of haste
 z - a potion of degeneration
 A - a potion of mutation {unknown}


   Skills:
 + Level 4.3 Fighting
 + Level 4.3 Staves
 + Level 4.8 Armour
 + Level 5.2 Dodging
 - Level 2.0 Stealth
 + Level 4.4 Spellcasting
 + Level 6.0 Conjurations
 + Level 6.1 Fire Magic
 + Level 4.0 Evocations


You had 3 spell levels left.
You knew the following spells:

 Your Spells              Type           Power      Damage    Failure   Level
a - Foxfire               Conj/Fire      100%       2x1d9     2%          1
b - Scorch                Fire           60%        2d8       4%          2
c - Conjure Flame         Conj/Fire      45%        6-21      8%          3
d - Inner Flame           Hex/Fire       17%        N/A       28%         3
e - Flame Wave            Conj/Fire      45%        2d10      26%         4

Your spell library contained the following spells:

 Spells                   Type           Power      Damage    Failure   Level
 Irradiate                Conj/Tmut      12%        3d17      95%         5
 Blade Hands              Tmut           2%         N/A       100%        5
 Dragon Form              Tmut           2%         N/A       100%        7
 Malign Gateway           Summ/Tloc      2%         N/A       100%        7
 Summon Horrible Things   Summ           2%         N/A       100%        8


Dungeon Overview and Level Annotations

Branches:
Dungeon (7/15)             Temple (1/1) D:7           Sewer (visited)
 Bailey (1/1)

Altars:
Ashenzari
Dithmenos
Elyvilon
Fedhas
Gozag
Hepliaklqana
Nemelex Xobeh
Okawaru
Qazlal
Trog
Uskayaw
Xom
Yredelemnul
Zin
The Shining One
Ignis

Shops:
D:1 *((   D:4 :   D:7 (

Annotations:
D:3 Terence


Innate Abilities, Weirdness & Mutations

You have a beak for a mouth.
You have claws for feet.
Your magical nature lets you fly swiftly and evasively.


Message History

The orc knight is engulfed in a cloud of scalding steam.
The orc warrior no longer looks unusually strong.
The orc knight roars a battlecry!
The orc warrior goes into a battle-frenzy!
Casting: Foxfire (safe; 2% risk of failure)
Confirm with . or Enter, or press ? or * to list all spells.
Aiming: Inner Flame (dangerous; 28% risk of failure)
Press: ? - help, Dir - move target, f - orc warrior
Aim: an orc warrior, wielding a +0 spear and wearing a +4 chain mail (strong, chance to affect: 71%)
The orc warrior is filled with an inner flame.
The orc warrior no longer looks unusually strong.
Casting: Inner Flame (dangerous; 28% risk of failure)
Confirm with . or Enter, or press ? or * to list all spells.
Flames lash the orc warrior.
Flame seeps out of the orc warrior.
The orc warrior is heavily wounded.
The orc warrior's fire resistance burns away.
The orc knight roars a battlecry!
The orc warrior goes into a battle-frenzy!
The orc warrior is engulfed in blazing flames.
Flame seeps out of the orc warrior.
Casting: Scorch (safe; 4% risk of failure)
Confirm with . or Enter, or press ? or * to list all spells.
Flames lash the orc warrior but do no damage.
The orc knight hits you from afar with a +0 halberd.
Casting: Scorch (safe; 4% risk of failure)
Confirm with . or Enter, or press ? or * to list all spells.
Flames lash the orc knight.
The orc knight is moderately wounded.
The orc knight's fire resistance burns away.
The orc knight hits you from afar with a +0 halberd!
The orc knight hits you from afar with a +0 halberd!
Casting: Scorch (safe; 4% risk of failure)
Confirm with . or Enter, or press ? or * to list all spells.
Flames lash the orc knight.
The orc knight is burned terribly!
The orc knight is heavily wounded.
The orc warrior is no longer more vulnerable to fire.
The orc knight hits you from afar with a +0 halberd!
* * * LOW HITPOINT WARNING * * *
The orc knight hits you from afar with a +0 halberd!!
You die...

............#
.♣...........
###.♣♣.......♣.♣
♣♣...............
♣♣......#....#....
♣..)≈≈≈≈#....#≈≈≈≈
♣.≈≈≈≈≈≈#....#≈≈≈≈
#♣♣≈≈≈≈≈≈≈#....#≈≈≈≈
#≈≈@≈≈≈≈≈≈#....#≈≈≈≈
#≈≈≈≈≈≈)).#....#.))♣
#≈≈≈≈o)........).♣..
#≈≈≈o.....).........
#≈≈..####........###
#♣♣♣♣# .####''####.$
..............
#...8....8...#
#..########..#


You could see an orc knight (combustible) and an orc warrior (inner flame,
strong).

Vanquished Creatures
  3 water moccasins
  Duvessa (D:5)
  2 ice beasts (D:6)
  6 orc warriors (Bailey)
  A black bear (D:5)
  An ogre (D:5)
  A centaur (D:7)
  2 phantoms (D:6)
  2 bullfrogs
  3 scorpions
  A necrophage (D:5)
  Dowan (D:5)
  3 hounds
  A jelly (D:7)
  A gnoll shaman (D:6)
  2 iguanas
  2 orc wizards (D:7)
  14 adders
  4 gnolls (D:6)
  3 white imps
  3 ufetubi
  A worm (D:6)
  A dart slug (D:3)
  18 orcs
  9 bats
  10 endoplasms
  8 giant cockroaches (Sewer)
  9 hobgoblins
  6 quokkas
  17 ball pythons
  20 frilled lizards
  10 goblins
  8 kobolds
  8 rats
182 creatures vanquished.

Vanquished Creatures (collateral kills)
  2 foxfires (D:1)
2 creatures vanquished.

Vanquished Creatures (others)
  511 foxfires
511 creatures vanquished.

Grand Total: 695 creatures vanquished

Notes
Turn   | Place    | Note
-------+----------+-------------------------------------------
     0 | D:1      | kae the Tengu Fire Elementalist began the quest for the
                  | Orb.
     0 | D:1      | Reached XP level 1. HP: 10/10 MP: 4/4
   175 | D:1      | Found Ceriady's Antique Weapon Shop.
   292 | D:1      | Reached XP level 2. HP: 15/15 MP: 1/6
   345 | D:1      | Learned a level 2 spell: Scorch
   491 | D:1      | Found Gixint's Weapon Shoppe.
   953 | D:1      | Found Mibenotho's General Store.
  1303 | D:2      | Reached XP level 3. HP: 20/20 MP: 4/7
  1405 | D:2      | Reached skill level 1 in Fighting
  1405 | D:2      | Reached skill level 1 in Armour
  1900 | D:2      | Found a faded altar of an unknown god.
  2219 | D:3      | Reached XP level 4. HP: 25/25 MP: 4/8
  2250 | D:3      | Found a blossoming altar of Fedhas.
  2586 | D:3      | Found an opulent altar of Gozag.
  3159 | D:3      | Noticed Terence
  3177 | D:3      | Learned a level 3 spell: Conjure Flame
  3720 | D:4      | Gained mutation: Your magical nature lets you fly swiftly
                  | and evasively. [Tengu growth]
  3720 | D:4      | Reached XP level 5. HP: 29/29 MP: 5/9
  4031 | D:4      | Found Unohajy's Book Boutique.
  4064 | D:4      | Reached skill level 1 in Staves
  4064 | D:4      | Reached skill level 1 in Evocations
  4149 | D:4      | Reached XP level 6. HP: 35/35 MP: 7/11
  4390 | D:4      | Identified the +7 long sword of the Bouncing Prophets
                  | {pain, rC+}
  4401 | D:5      | Entered Level 5 of the Dungeon
  4534 | D:5      | Identified the +3 ring mail of Activism {rElec rC+ rN+}
  5166 | D:5      | Reached XP level 7. HP: 37/40 MP: 0/12
  5378 | D:5      | Noticed Dowan
  5379 | D:5      | Noticed Duvessa
  5401 | D:5      | Killed Dowan
  5405 | D:5      | HP: 1/60 [Duvessa/+0 short sword (5)]
  5420 | D:5      | Killed Duvessa
  5608 | D:6      | Noticed a steam dragon
  5860 | D:6      | Reached XP level 8. HP: 43/45 MP: 5/14
  5872 | D:6      | Reached skill level 5 in Fire Magic
  6039 | D:6      | Found a glowing drain.
  6058 | Sewer    | Entered a sewer
  6635 | Sewer    | Identified the +8 rapier of Atouz {freeze, rC++ rN+ Int+3
                  | Stlth-}
  6734 | D:6      | Found a glowing silver altar of Zin.
  6919 | D:6      | Reached skill level 5 in Conjurations
  7508 | D:7      | Found Nuimnigh's Antique Weapon Shoppe.
  7573 | D:7      | Reached XP level 9. HP: 52/52 MP: 4/16
  7611 | D:7      | Found a staircase to the Ecumenical Temple.
  7641 | Temple   | Entered the Ecumenical Temple
  7775 | D:7      | Found a flagged portal.
  7998 | Bailey   | Entered a bailey
  8083 | Bailey   | Reached skill level 5 in Dodging
  8292 | Bailey   | Noticed an orc knight
  8430 | Bailey   | Learned a level 3 spell: Inner Flame
  8435 | Bailey   | Learned a level 4 spell: Flame Wave
  8557 | Bailey   | Mangled by an orc knight

Illustrated notes

Levels and vault maps discovered:
D:1:      shiori_arrival_oz, layout_basic, serial_shops,
          nicolae_shop_overgrown_old_shop, shop, nicolae_shop_stone
D:2:      layout_basic, dreamdust_ecumenical_altar_grove
D:3:      layout_basic, fedhas_altar_2, mainiacjoe_overflow_cross_hatched,
          serial_rivers, chequers_serial_rivers_marsh,
          chequers_serial_rivers_small_b, chequers_serial_rivers_room_b,
          chequers_serial_rivers_marsh, chequers_serial_rivers_room_a,
          minmay_fractal_squares_diagonal_5, uniq_terence
D:4:      layout_cave_pools, serial_shops, shop
D:5:      nicolae_cairo_tiling_large, layout_basic, uniq_duvessa
D:6:      layout_rooms, zin_academy, cheibrodos_sewer_entry_bend
D:7:      layout_loops_cross, grunt_temple_overflow_magic_moments,
          nzn_wu_jian_contemplation, minmay_temple_entry_large_hall,
          serial_shops, nicolae_stop_n_shop_2, enter_bailey_2,
          nicolae_stop_n_shop_1, dreamdust_wishing_well
Temple:   pdpol_scorched_temple
Bailey:   bailey_polearm_elven_captive_hellmonk, bailey

Skill      XL: |  1  2  3  4  5  6  7  8  9 |
---------------+----------------------------+-----
Fighting       | 1 2 3 4 |  4.3
Armour         | 1 2 3 4 |  4.8
Conjurations   | 2 3 4 5 6 |  6.0
Staves         | 1 2 3 4 |  4.3
Fire Magic     | 4 5 6 |  6.1
Evocations     | 1 2 3 4 |  4.0
Dodging        | 3 4 5 |  5.2
Spellcasting   | 3 4 |  4.4
Stealth        | |  2.0

Action                   |  1- 3 |  4- 6 |  7- 9 || total
-------------------------+-------+-------+-------++-------
Melee: Mace              |     5 |       |       ||     5
       Kick              |     2 |     4 |    13 ||    19
       Peck              |     1 |     3 |    12 ||    16
       Staff             |       |    16 |    48 ||    64
 Cast: Foxfire           |    40 |    85 |   162 ||   287
       Scorch            |    14 |    13 |    41 ||    68
       Conjure Flame     |       |     1 |     1 ||     2
       Inner Flame       |       |       |     3 ||     3
  Use: Scroll            |     8 |     3 |    11 ||    22
       Potion            |       |       |     9 ||     9
Armor: Robe              |     8 |     2 |       ||    10
       Ring mail         |       |    15 |    34 ||    49
       Skin              |       |       |    12 ||    12
Dodge: Dodged            |    18 |    29 |    92 ||   139

Table legend: (Time is in decaauts)
 A = Elapsed time spent in this place.
 B = Non-inter-level travel time spent in this place.
 C = Inter-level travel time spent in this place.
 D = Time resting spent in this place.
 E = Time spent auto-exploring this place.
 F = Levels seen in this place.
 G = Mean time per level.
                   A        B        C        D        E       F      G
               +--------+--------+--------+--------+--------+-----+--------+
         Total |   8388 |   8152 |    236 |    518 |   6069 |  10 |  838.8 |
       Dungeon |   7136 |   6905 |    231 |    516 |   5376 |   7 | 1019.4 |
        Temple |    125 |    120 |      5 |      0 |    102 |   1 |  125.0 |
         Sewer |    574 |    574 |      0 |      0 |    409 |   1 |  574.0 |
        Bailey |    551 |    551 |      0 |      2 |    181 |   1 |  551.0 |
               +--------+--------+--------+--------+--------+-----+--------+

Top non-repeatable levels by time:
     D:5: 1461 daAuts
     D:3: 1436 daAuts
     D:1: 1167 daAuts
     D:2: 1007 daAuts
     D:6: 955 daAuts
     D:4: 759 daAuts
   Sewer: 574 daAuts
  Bailey: 551 daAuts
     D:7: 349 daAuts
  Temple: 125 daAuts
